| TOP OF THE 1ST |
|
Rochester Red Wings batting - Pitching for Asheville Moonshiners : LHP Matt Beech
|
|
Pitching: LHP Matt Beech
|
|
|
Batting: RHB Terrell Lowery
|
0-0: Called Strike 0-1: Ball 1-1: Called Strike 1-2: Ball 2-2: Ball 3-2: Foul Ball, location: 2F 3-2: Ground out 6-3 (Groundball, 6, EV 87.5 MPH)
|
|
Batting: RHB Damon Mashore
|
0-0: Foul Ball, location: 2F 0-1: Called Strike 0-2: Ball 1-2: Ball 2-2: SOLO HOME RUN (Flyball, 7D, EV 104.4 MPH), Distance : 386 ft
|
|
Batting: RHB Rich Aurilia
|
0-0: Foul Ball, location: 2F 0-1: Swinging Strike 0-2: Strikes out swinging
|
|
Batting: RHB Darren Reed
|
0-0: Called Strike 0-1: Swinging Strike 0-2: Strikes out looking
|
| Top of the 1st over - 1 run, 1 hit, 0 errors, 0 left on base; Rochester 1 - Asheville 0 |
| BOTTOM OF THE 1ST |
|
Asheville Moonshiners batting - Pitching for Rochester Red Wings : RHP Darryl Scott
|
|
Pitching: RHP Darryl Scott
|
|
|
Batting: SHB Wilton Guerrero
|
0-0: SINGLE (Groundball, 4D, EV 102.5 MPH)
|
|
Batting: LHB Darren Bragg
|
0-0: Ball 1-0: Swinging Strike 1-1: Called Strike 1-2: Foul Ball, location: 2F 1-2: Fielders Choice at 2nd, 1-6 (Groundball, 34S, EV 70.6 MPH)
|
|
Batting: LHB Randall Simon
|
0-0: Foul Ball, location: 2F 0-1: Ball 1-1: SINGLE (Groundball, 56D, EV 98.1 MPH) Darren Bragg to second
|
|
Batting: RHB Chris Stynes
|
0-0: Fly out, F9 (Flyball, 89S, EV 91.3 MPH)
|
|
Batting: RHB Aaron Boone
|
0-0: Ball 1-0: Fly out, F8 (Flyball, 8LM, EV 86.3 MPH)
|
| Bottom of the 1st over - 0 runs, 2 hits, 0 errors, 2 left on base; Rochester 1 - Asheville 0 |
| TOP OF THE 2ND |
|
Rochester Red Wings batting - Pitching for Asheville Moonshiners : LHP Matt Beech
|
|
Batting: RHB Tim Unroe
|
0-0: Ball 1-0: Called Strike 1-1: Foul Ball, location: 2F 1-2: Ground out 6-3 (Groundball, 6MS, EV 95.0 MPH)
|
|
Batting: RHB Scott Sheldon
|
0-0: Swinging Strike 0-1: Foul Ball, location: 2F 0-2: Ground out 6-3 (Groundball, 6, EV 85.0 MPH)
|
|
Batting: LHB Tom Lampkin
|
0-0: Ground out U3 (Groundball, 3, EV 81.3 MPH)
|
| Top of the 2nd over - 0 runs, 0 hits, 0 errors, 0 left on base; Rochester 1 - Asheville 0 |
| BOTTOM OF THE 2ND |
|
Asheville Moonshiners batting - Pitching for Rochester Red Wings : RHP Darryl Scott
|
|
Batting: RHB Yamil Benitez
|
0-0: Foul Ball, location: 2F 0-1: Ball 1-1: Called Strike 1-2: Ball 2-2: Ball 3-2: Base on Balls
|
|
Batting: RHB Kevin L Brown
|
0-0: Ball 1-0: Fly out, F8 (Flyball, 8RD, EV 104.4 MPH)
|
|
Batting: LHB Billy McMillon
|
0-0: Swinging Strike 0-1: Ball 1-1: Ball 2-1: Foul Ball, location: 2F 2-2: Ball 3-2: Foul Ball, location: 2F 3-2: Grounds into double play, 4-6-3 (Groundball, 34D, EV 106.3 MPH)
|
| Bottom of the 2nd over - 0 runs, 0 hits, 0 errors, 0 left on base; Rochester 1 - Asheville 0 |
| TOP OF THE 3RD |
|
Rochester Red Wings batting - Pitching for Asheville Moonshiners : LHP Matt Beech
|
|
Batting: LHB Kevin Koslofski
|
0-0: Ball 1-0: Ball 2-0: Foul Ball, location: 2F 2-1: Foul Ball, location: 2F 2-2: Fly out, F6 (Popup, 6S, EV 69.4 MPH)
|
|
Batting: RHB Tripp Cromer
|
0-0: Fly out, F3 (Popup, 3SF, EV 81.3 MPH)
|
|
Batting: RHB Terrell Lowery
|
0-0: Foul Ball, location: 2F 0-1: Called Strike 0-2: Foul Ball, location: 2F 0-2: Strikes out swinging
|
| Top of the 3rd over - 0 runs, 0 hits, 0 errors, 0 left on base; Rochester 1 - Asheville 0 |
| BOTTOM OF THE 3RD |
|
Asheville Moonshiners batting - Pitching for Rochester Red Wings : RHP Darryl Scott
|
|
Batting: RHB Deivi Cruz
|
0-0: Ball 1-0: Ground out 5-3 (Groundball, 56, EV 80.6 MPH)
|
|
Batting: SHB Wilton Guerrero
|
0-0: Ball 1-0: SINGLE (Flyball, 89M, EV 87.5 MPH)
|
|
Batting: LHB Darren Bragg
|
0-0: Called Strike 0-1: Ball 1-1: Ball 2-1: Swinging Strike 2-2: Ball 3-2: Foul Ball, location: 2F 3-2: Fly out, F9 (Flyball, 89S, EV 88.1 MPH)
|
|
Batting: LHB Randall Simon
|
0-0: DOUBLE (Line Drive, 78D, EV 104.4 MPH) Wilton Guerrero to third Runner from 3rd tries for Home, SAFE, throw by LF to home
|
|
Batting: RHB Chris Stynes
|
0-0: Ball 1-0: Ground out 5-3 (Groundball, 56S, EV 75.0 MPH)
|
| Bottom of the 3rd over - 1 run, 2 hits, 0 errors, 1 left on base; Rochester 1 - Asheville 1 |
| TOP OF THE 4TH |
|
Rochester Red Wings batting - Pitching for Asheville Moonshiners : LHP Matt Beech
|
|
Batting: RHB Damon Mashore
|
0-0: Called Strike 0-1: Ball 1-1: Ground out 4-3 (Groundball, 4, EV 103.8 MPH)
|
|
Batting: RHB Rich Aurilia
|
0-0: Called Strike 0-1: Called Strike 0-2: Ball 1-2: Foul Ball, location: 2F 1-2: Ball 2-2: SINGLE (Flyball, 78M, EV 98.1 MPH)
|
|
Batting: RHB Darren Reed
|
0-0: Reached on error, E5 (Groundball, 56, EV 85.0 MPH) Rich Aurilia to second
|
|
Batting: RHB Tim Unroe
|
0-0: Called Strike 0-1: Foul Ball, location: 2F 0-2: Fielders Choice at 2nd, 4-6 (Groundball, 4M, EV 105.6 MPH) Rich Aurilia to third
|
|
Batting: RHB Scott Sheldon
|
0-0: Called Strike 0-1: Ball 1-1: Foul Ball, location: 2F 1-2: SINGLE (Groundball, 6MD, EV 104.4 MPH) Rich Aurilia scores Tim Unroe to second
|
|
Batting: LHB Tom Lampkin
|
0-0: Swinging Strike 0-1: Ball 1-1: Foul Ball, location: 2F 1-2: Ball 2-2: Ball 3-2: Strikes out looking
|
| Top of the 4th over - 1 run, 2 hits, 1 error, 2 left on base; Rochester 2 - Asheville 1 |
| BOTTOM OF THE 4TH |
|
Asheville Moonshiners batting - Pitching for Rochester Red Wings : RHP Darryl Scott
|
|
Batting: RHB Aaron Boone
|
0-0: Foul Ball, location: 2F 0-1: DOUBLE (Line Drive, 5D, EV 98.8 MPH)
|
|
Batting: RHB Yamil Benitez
|
0-0: Ball 1-0: Fly out, F7 (Flyball, 7, EV 93.1 MPH)
|
|
Batting: RHB Kevin L Brown
|
0-0: Called Strike 0-1: Ball 1-1: Swinging Strike 1-2: Ground out 1-3 (Groundball, 15S, EV 76.3 MPH)
|
|
Batting: LHB Billy McMillon
|
0-0: Fly out, F8 (Flyball, 8RXD, EV 90.0 MPH)
|
| Bottom of the 4th over - 0 runs, 1 hit, 0 errors, 1 left on base; Rochester 2 - Asheville 1 |
| TOP OF THE 5TH |
|
Rochester Red Wings batting - Pitching for Asheville Moonshiners : LHP Matt Beech
|
|
Batting: LHB Kevin Koslofski
|
0-0: Foul Ball, location: 2F 0-1: Foul Ball, location: 2F 0-2: Ball 1-2: Foul Ball, location: 2F 1-2: Foul Ball, location: 2F 1-2: Ball 2-2: Ball 3-2: Fly out, F8 (Flyball, 8LM, EV 95.0 MPH)
|
|
Batting: RHB Tripp Cromer
|
0-0: Swinging Strike 0-1: Ground out 5-3 (Groundball, 56S, EV 90.6 MPH)
|
|
Batting: RHB Terrell Lowery
|
0-0: Called Strike 0-1: SOLO HOME RUN (Flyball, 7D, EV 111.3 MPH), Distance : 382 ft
|
|
Batting: RHB Damon Mashore
|
0-0: Ball 1-0: SINGLE (Groundball, 56, EV 86.3 MPH) (infield hit)
|
|
Batting: RHB Rich Aurilia
|
0-0: Called Strike 0-1: Ball 1-1: Called Strike 1-2: Ball Wild Pitch! Damon Mashore to second 2-2: Strikes out swinging
|
| Top of the 5th over - 1 run, 2 hits, 0 errors, 1 left on base; Rochester 3 - Asheville 1 |
| BOTTOM OF THE 5TH |
|
Asheville Moonshiners batting - Pitching for Rochester Red Wings : RHP Darryl Scott
|
|
Batting: RHB Deivi Cruz
|
0-0: Ball 1-0: Foul Ball, location: 2F 1-1: Swinging Strike 1-2: Ball 2-2: Foul Ball, location: 2F 2-2: Ground out 6-3 (Groundball, 6, EV 86.3 MPH)
|
|
Batting: SHB Wilton Guerrero
|
0-0: Ball 1-0: Ball 2-0: Ground out 6-3 (Groundball, 6, EV 90.0 MPH)
|
|
Batting: LHB Darren Bragg
|
0-0: Ball 1-0: Ball 2-0: Swinging Strike 2-1: Foul Ball, location: 2F 2-2: Ball 3-2: Foul Ball, location: 2F 3-2: Fly out, F5 (Popup, 15, EV 83.8 MPH)
|
| Bottom of the 5th over - 0 runs, 0 hits, 0 errors, 0 left on base; Rochester 3 - Asheville 1 |
| TOP OF THE 6TH |
|
Rochester Red Wings batting - Pitching for Asheville Moonshiners : LHP Matt Beech
|
|
Batting: RHB Darren Reed
|
0-0: Ball 1-0: Foul Ball, location: 2F 1-1: Ball 2-1: Swinging Strike 2-2: Foul Ball, location: 2F 2-2: Fly out, F3 (Popup, 34S, EV 67.5 MPH)
|
|
Batting: RHB Tim Unroe
|
0-0: Called Strike 0-1: Fly out, F9 (Flyball, 9, EV 83.1 MPH)
|
|
Batting: RHB Scott Sheldon
|
0-0: Called Strike 0-1: Swinging Strike 0-2: Ball 1-2: Foul Ball, location: 2F 1-2: Ground out 5-3 (Groundball, 56, EV 102.5 MPH)
|
| Top of the 6th over - 0 runs, 0 hits, 0 errors, 0 left on base; Rochester 3 - Asheville 1 |
| BOTTOM OF THE 6TH |
|
Asheville Moonshiners batting - Pitching for Rochester Red Wings : RHP Darryl Scott
|
|
Pitching: RHP Joe Ausanio
|
|
|
Batting: LHB Randall Simon
|
0-0: Ball 1-0: Ground out 1-3 (Groundball, 13S, EV 71.9 MPH)
|
|
Batting: RHB Chris Stynes
|
0-0: Ball 1-0: Foul Ball, location: 2F 1-1: Ball 2-1: Swinging Strike 2-2: Ball 3-2: Base on Balls
|
|
Batting: RHB Aaron Boone
|
0-0: Ball 1-0: Called Strike 1-1: Swinging Strike 1-2: Ball 2-2: Ball 3-2: Foul Ball, location: 2F 3-2: Base on Balls Chris Stynes to second
|
|
Pitching: LHP Ryan Karp
|
|
|
Batting: RHB Yamil Benitez
|
0-0: Called Strike 0-1: 3-RUN HOME RUN (Line Drive, 89XD, EV 106.3 MPH), Distance : 402 ft
|
|
Batting: RHB Kevin L Brown
|
0-0: Ball 1-0: Called Strike 1-1: Ball 2-1: Ball 3-1: Base on Balls
|
|
Batting: LHB Billy McMillon
|
0-0: Ball 1-0: Called Strike 1-1: Foul Ball, location: 2F 1-2: 2-RUN HOME RUN (Flyball, 7LD, EV 94.4 MPH), Distance : 353 ft
|
|
Pitching: LHP Brad Pennington
|
|
|
Batting: RHB Deivi Cruz
|
0-0: Fly out, F9 (Flyball, 9, EV 82.5 MPH)
|
|
Batting: SHB Wilton Guerrero
|
0-0: Ball 1-0: Ball 2-0: Fly out, F5 (Line Drive, 5, EV 72.5 MPH)
|
| Bottom of the 6th over - 5 runs, 2 hits, 0 errors, 0 left on base; Rochester 3 - Asheville 6 |
| TOP OF THE 7TH |
|
Rochester Red Wings batting - Pitching for Asheville Moonshiners : LHP Matt Beech
|
|
Batting: LHB Tom Lampkin
|
0-0: Foul Ball, location: 2F 0-1: Foul Ball, location: 2F 0-2: Ball 1-2: Ball 2-2: Fly out, F8 (Line Drive, 8RD, EV 84.4 MPH)
|
|
Batting: LHB Kevin Koslofski
|
0-0: Called Strike 0-1: Ball 1-1: Ball 2-1: Foul Ball, location: 2F 2-2: Strikes out looking
|
|
Batting: RHB Tripp Cromer
|
0-0: Called Strike 0-1: Foul Ball, location: 2F 0-2: Strikes out swinging
|
| Top of the 7th over - 0 runs, 0 hits, 0 errors, 0 left on base; Rochester 3 - Asheville 6 |
| BOTTOM OF THE 7TH |
|
Asheville Moonshiners batting - Pitching for Rochester Red Wings : LHP Brad Pennington
|
|
Batting: LHB Darren Bragg
|
0-0: Ground out 4-3 (Groundball, 4, EV 83.1 MPH)
|
|
Batting: LHB Randall Simon
|
0-0: Foul Ball, location: 2F 0-1: Swinging Strike 0-2: Ground out 5-3 (Groundball, 56, EV 100.6 MPH)
|
|
Batting: RHB Chris Stynes
|
0-0: Fly out, F4 (Popup, 34S, EV 71.3 MPH)
|
| Bottom of the 7th over - 0 runs, 0 hits, 0 errors, 0 left on base; Rochester 3 - Asheville 6 |
| TOP OF THE 8TH |
|
Rochester Red Wings batting - Pitching for Asheville Moonshiners : LHP Matt Beech
|
|
Now at 1B: Daisuke Yamashita
|
|
|
Batting: RHB Terrell Lowery
|
0-0: Ball 1-0: Ball 2-0: Called Strike 2-1: Swinging Strike 2-2: Strikes out swinging
|
|
Batting: RHB Damon Mashore
|
0-0: Ground out 6-3 (Groundball, 6, EV 91.3 MPH)
|
|
Batting: RHB Rich Aurilia
|
0-0: Called Strike 0-1: Ball 1-1: Ball 2-1: Fly out, F9 (Flyball, 89S, EV 90.0 MPH)
|
| Top of the 8th over - 0 runs, 0 hits, 0 errors, 0 left on base; Rochester 3 - Asheville 6 |
| BOTTOM OF THE 8TH |
|
Asheville Moonshiners batting - Pitching for Rochester Red Wings : LHP Brad Pennington
|
|
Batting: RHB Aaron Boone
|
0-0: Called Strike 0-1: Fly out, F8 (Flyball, 89M, EV 90.6 MPH)
|
|
Batting: RHB Yamil Benitez
|
0-0: Foul Ball, location: 2F 0-1: Called Strike 0-2: Ball 1-2: Strikes out swinging
|
|
Batting: RHB Kevin L Brown
|
0-0: Swinging Strike 0-1: Ball 1-1: Swinging Strike 1-2: Ball 2-2: Ball 3-2: Strikes out looking
|
| Bottom of the 8th over - 0 runs, 0 hits, 0 errors, 0 left on base; Rochester 3 - Asheville 6 |
| TOP OF THE 9TH |
|
Rochester Red Wings batting - Pitching for Asheville Moonshiners : LHP Matt Beech
|
|
Pitching: RHP Mike Draper
|
|
|
Batting: RHB Darren Reed
|
0-0: Called Strike 0-1: Ball 1-1: SINGLE (Groundball, 6MD, EV 108.1 MPH)
|
|
Batting: RHB Tim Unroe
|
0-0: Ball 1-0: Fly out, F7 (Flyball, 7LDF, EV 99.4 MPH)
|
|
Batting: RHB Scott Sheldon
|
0-0: Ball 1-0: Called Strike 1-1: Grounds into double play, 6-4-3 (Groundball, 56, EV 108.1 MPH)
|
| Top of the 9th over - 0 runs, 1 hit, 0 errors, 0 left on base; Rochester 3 - Asheville 6 |
|